 Dungeon Crawl Stone Soup version 0.25-a0-547-g27a0b5d1ef (webtiles) character file.

Game seed: 6424609630869513912, levelgen mode: deterministic

1354 Esekla the Thaumaturge (level 8, -5/41 HPs)
             Began as a Deep Elf Wizard on Feb 21, 2020.
             Was an Initiate of Qazlal.
             Shot with an arrow by a centaur (8 damage)
             ... on level 7 of the Dungeon on Feb 22, 2020.
             The game lasted 01:12:19 (5777 turns).

Esekla the Thaumaturge (Deep Elf Wizard)            Turns: 5777, Time: 01:12:20

Health: -5/41      AC:  5    Str:  6    XL:     8   Next: 37%
Magic:  18/22      EV: 13    Int: 24    God:    Qazlal [......]
Gold:   312        SH:  0    Dex: 13    Spells: 14/23 levels left

rFire    . . .     SeeInvis .   r - +0 short sword
rCold    . . .     Gourm    .   (no shield)
rNeg     . . .     Faith    .   a - +0 robe
rPois    .         Spirit   .   b - +0 hat
rElec    .         Reflect  .   (no cloak)
rCorr    .         Harm     .   (no gloves)
MR       .....                  (no boots)
Stlth    ++........             (no amulet)
HPRegen  0.13/turn              u - ring of flight
MPRegen  0.18/turn              k - +3 ring of protection

@: no status effects
A: no striking features
a: Renounce Religion, Evoke Flight


You were on level 7 of the Dungeon.
You worshipped Qazlal.
Qazlal was noncommittal.
You were very hungry.

You visited 2 branches of the dungeon, and saw 8 of its levels.

You collected 312 gold pieces.

Inventory:

Hand Weapons
 e - a +0 spear
 r - a +0 short sword (weapon)
Missiles
 g - 69 poisoned darts (quivered)
 w - 3 boomerangs
Armour
 a - a +0 robe (worn)
 b - a +0 hat (worn)
 B - the +5 ring mail of the Wasteland {MR+, unknown}
   (You found it on level 6 of the Dungeon)

   It affects your resistance to hostile enchantments.
   If you switch to wearing this armour, your AC will increase by 8 (5 -> 13).
Jewellery
 k - a +3 ring of protection (right hand)
 n - a +5 ring of dexterity
 u - a ring of flight (left hand)
 A - a +5 ring of strength
Wands
 j - a wand of scattershot (1)
 y - a wand of paralysis (11)
 C - a wand of acid (8)
Scrolls
 c - 2 scrolls of fog
 d - a scroll of identify
 f - a scroll of amnesia {unknown}
 h - a scroll of magic mapping {unknown}
 i - a scroll of remove curse
 q - 2 scrolls of immolation
 s - a scroll of enchant armour {unknown}
 t - a scroll of noise {unknown}
 x - a scroll of teleportation {unknown}
Potions
 m - 2 potions of curing
 o - 3 potions of stabbing
 p - a potion of berserk rage
 v - 2 potions of ambrosia
 z - a potion of might
Comestibles
 l - 8 rations


   Skills:
 + Level 2.0 Short Blades
 + Level 1.6 Throwing
 + Level 3.5 Dodging
 - Level 2.4 Stealth
 * Level 8.3 Spellcasting
 * Level 4.5 Conjurations
   Level 1.1 Summonings
 + Level 3.5 Translocations
 * Level 3.4 Fire Magic
 * Level 2.4 Air Magic
 * Level 3.8 Poison Magic


You had 14 spell levels left.
You knew the following spells:

 Your Spells              Type           Power        Failure   Level  Hunger
a - Magic Dart            Conj           ####         1%          1    None
b - Blink                 Tloc           N/A          2%          2    None
c - Mephitic Cloud        Conj/Pois/Air  ####....     4%          3    None
f - Conjure Flame         Conj/Fire      ####....     3%          3    None

Your spell library contained the following spells:

 Spells                   Type           Power        Failure   Level  Hunger
 Call Imp                 Summ           ###.....     6%          2    None
 Slow                     Hex            ##......     10%         2    None


Dungeon Overview and Level Annotations

Branches:
Dungeon (7/15)             Temple (1/1) D:6

Altars:
Ashenzari
Cheibriados
Dithmenos
Elyvilon
Fedhas
Gozag
Hepliaklqana
Makhleb
Nemelex Xobeh
Okawaru
Qazlal
Ru
Sif Muna
Trog
Uskayaw
Vehumet
Wu Jian
Yredelemnul
Zin
The Shining One

Annotations:
D:6 2 transporters, zikan's ghost, novice HOFi
D:7 Harold


Message History

Harold hits you from afar with a +0 halberd.
You struggle against the net.
Harold hits you from afar with a +0 halberd!
The centaur shoots an arrow.
The arrow hits you!
* * * LOW HITPOINT WARNING * * *
Casting: Magic Dart (safe; 1% risk of failure)
Confirm with . or Enter, or press ? or * to list all spells.
You blink.
The centaur zombie barely misses you.
The centaur shoots an arrow.
The arrow closely misses you.
The arrow barely misses the centaur zombie.
The centaur zombie hits you.
* * * LOW HITPOINT WARNING * * *
Okay, then.
Okay, then.
Casting: Blink (safe; 2% risk of failure)
Confirm with . or Enter, or press ? or * to list all spells.
You blink.
The centaur shoots an arrow.
The arrow hits you.
* * * LOW HITPOINT WARNING * * *
The centaur shoots an arrow.
The arrow hits you!
You die...

. ##.##.#.#.#.......##
#.#.....#.#.#........##
......#.#.#........!.
.......#.#.##......#
#).?..#...#.......# #
##....@§...........### ..
#...§.Z..............##..
#.c....................###
....##......@................
... .....................####
# ...............#..<.......
........................##
........................##
#.#...#######...########....
# #...# ... #...# ## #...#


You could see Harold, a centaur and a centaur zombie.

Vanquished Creatures
  A black bear (D:6)
  An ogre (D:4)
  3 phantoms
  3 centaurs (D:5)
  A bullfrog (D:6)
  A scorpion (D:4)
  3 crimson imps
  A jelly (D:5)
  2 orc priests (D:5)
  3 orc wizards
  3 worker ants
  A hound skeleton (D:3)
  3 gnolls (D:6)
  A worker ant zombie (D:6)
  9 adders
  A shadow imp (D:6)
  A white imp (D:6)
  5 adder skeletons
  2 adder zombies (D:3)
  2 worms
  2 dart slugs
  3 leopard geckos
  14 orcs
  8 giant cockroaches
  7 goblins
  9 hobgoblins
  2 jackals (D:2)
  5 kobolds
  4 quokkas
  A ball python (D:3)
  13 bats
  4 frilled lizards
  2 gnoll zombies (D:2)
  A goblin skeleton (D:6)
  A goblin zombie (D:6)
  2 hobgoblin zombies (D:6)
  A kobold skeleton (D:6)
  2 leopard gecko zombies
  3 orc skeletons (D:6)
  2 orc zombies (D:6)
  A quokka skeleton (D:7)
  A quokka zombie (D:3)
  3 rats (D:2)
138 creatures vanquished.

Vanquished Creatures (others)
  6 plants (D:6)
6 creatures vanquished.

Grand Total: 144 creatures vanquished

Notes
Turn   | Place    | Note
-------+----------+-------------------------------------------
     0 | D:1      | Esekla the Deep Elf Wizard began the quest for the Orb.
     0 | D:1      | Reached XP level 1. HP: 10/10 MP: 7/7
   158 | D:2      | Reached skill level 5 in Spellcasting
   168 | D:2      | Reached XP level 2. HP: 15/15 MP: 0/10
   174 | D:2      | Learned a level 2 spell: Blink
   305 | D:2      | Found a hide-covered altar of Uskayaw.
   389 | D:2      | Found a shimmering blue altar of Sif Muna.
   519 | D:2      | Reached XP level 3. HP: 19/19 MP: 2/12
   524 | D:2      | Learned a level 3 spell: Mephitic Cloud
   548 | D:2      | Learned a level 3 spell: Conjure Flame
  1471 | D:2      | Reached XP level 4. HP: 16/24 MP: 5/13
  1567 | D:2      | Reached skill level 6 in Spellcasting
  1580 | D:2      | Found a basalt altar of Yredelemnul.
  2217 | D:3      | Found a burning altar of Makhleb.
  2219 | D:3      | Found a shadowy altar of Dithmenos.
  2368 | D:3      | Reached skill level 1 in Poison Magic
  2368 | D:3      | Reached XP level 5. HP: 24/28 MP: 7/15
  2379 | D:3      | Reached skill level 1 in Fire Magic
  2392 | D:3      | Found a bloodstained altar of Trog.
  2394 | D:3      | Found an ornate altar of the Wu Jian Council.
  2947 | D:3      | Reached skill level 1 in Air Magic
  3417 | D:4      | Noticed a phantom
  3436 | D:4      | Killed a phantom
  3436 | D:4      | Reached XP level 6. HP: 32/32 MP: 1/17
  3485 | D:4      | Reached skill level 1 in Short Blades
  3901 | D:5      | Entered Level 5 of the Dungeon
  3909 | D:5      | Reached XP level 7. HP: 32/36 MP: 16/19
  3926 | D:5      | Reached skill level 7 in Spellcasting
  3935 | D:5      | Reached skill level 1 in Throwing
  4198 | D:5      | Found a sparkling altar of Nemelex Xobeh.
  4198 | D:5      | Found a stormy altar of Qazlal.
  4573 | D:5      | Found a blossoming altar of Fedhas.
  4687 | D:6      | Reached skill level 8 in Spellcasting
  4687 | D:6      | Reached XP level 8. HP: 41/41 MP: 12/22
  4774 | D:6      | Found an iron altar of Okawaru.
  4894 | D:6      | Found a glowing golden altar of the Shining One.
  5311 | D:6      | Found a glowing golden altar of the Shining One.
  5330 | D:6      | Got a jewelled ring mail
  5393 | D:5      | Became a worshipper of Qazlal Stormbringer
  5532 | D:6      | Found a transporter.
  5551 | D:6      | Found a staircase to the Ecumenical Temple.
  5557 | Temple   | Entered the Ecumenical Temple
  5656 | D:6      | Found a transporter.
  5656 | D:6      | Noticed zikan's ghost (novice HOFi)
  5771 | D:7      | Noticed Harold
  5777 | D:7      | Shot with an arrow by a centaur

Levels and vault maps discovered:
D:1:      scummos_arrival_gate, layout_basic
D:2:      minmay_diamond_boxcup, layout_loops_ring, lemuel_blue_sif_altar,
          eat_drink_and_be_merry_uskayaw, lemuel_zombie_altar_yredelemnul,
          first_ration
D:3:      layout_basic, nicolae_overflow_hidden_temple, serial_undead,
          serial_undead_b, serial_undead_a, serial_undead_f, serial_undead_a,
          serial_undead_c, serial_undead_a, serial_undead_d, serial_undead_e,
          serial_undead_c, serial_undead_d
D:4:      layout_loops_ring
D:5:      layout_loops_ring, lemuel_round_altar, fedhas_bush_and_centaur_altar,
          lemuel_altar_in_water
D:6:      layout_basic, okawaru_metal_pillars_1_2, lemuel_crystal_altar,
          minmay_temple_entry_fiery, gammafunk_ghost_gnarly_gnolls,
          hex_intersection, nicolae_tso_besieged_by_evil
D:7:      layout_cave_pools, lemuel_round_altar, serial_co_window_serial,
          co_window_paths_b, co_window_paths_a, co_window_paths_a,
          co_window_paths_b, co_window_corner_a, co_window_corner_b,
          co_window_broadway_c, co_window_paths_c, co_window_broadway_b,
          co_window_corner_ca, co_window_unsneaky_path_e, co_window_4corner_a,
          co_window_paths_e, glass_columns_b, glass_columns_a, glass_columns_a,
          glass_columns_c, uniq_harold, uniq_pikel
Temple:   nicolae_temple_figure_zero

Skill      XL: |  1  2  3  4  5  6  7  8 |
---------------+-------------------------+-----
Spellcasting   | 5 6 8 |  8.3
Conjurations   | 2 3 4 |  4.5
Poison Magic   | 1 2 3 |  3.8
Fire Magic     | 2 3 |  3.4
Air Magic      | 1 2 |  2.4
Translocations | 2 3 |  3.5
Dodging        | 3 |  3.5
Short Blades   | 1 2 |  2.0
Throwing       | 1 |  1.6
Stealth        | |  2.4
Summonings     | |  1.1

Action                   |  1- 3 |  4- 6 |  7- 9 || total
-------------------------+-------+-------+-------++-------
Melee: Spear             |    26 |       |       ||    26
       Dagger            |    23 |    36 |       ||    59
       Short sword       |       |    24 |    47 ||    71
Throw: Dart              |       |     5 |    32 ||    37
 Cast: Magic Dart        |    79 |   110 |   110 ||   299
       Conjure Flame     |     4 |     8 |    10 ||    22
       Blink             |     1 |     3 |     7 ||    11
       Mephitic Cloud    |       |     7 |    13 ||    20
 Abil: Evoke Flight      |       |       |     1 ||     1
  Use: Potion            |     2 |       |       ||     2
       Scroll            |       |     4 |     4 ||     8
 Stab: Sleeping          |     4 |     5 |       ||     9
       Confused          |       |     5 |     4 ||     9
  Eat: Chunk             |     2 |     7 |     5 ||    14
Armor: Robe              |    22 |    23 |     9 ||    54
Dodge: Dodged            |    66 |    65 |    30 ||   161

Table legend:
 A = Non-vault XP
 B = Vault XP
 C = Vault XP percentage of total XP
 D = Non-vault monster count
 E = Vault monster count
 F = Vault count percentage of total count
                 A         B        C        D         E       F
            +---------+---------+-------+---------+---------+-------
      Total |    1738 |     197 |  10.2 |     108 |      30 |  21.7
            +---------+---------+-------+---------+---------+-------
        D:1 |      19 |       2 |   9.5 |      11 |       1 |   8.3
        D:2 |      84 |      26 |  23.6 |      31 |       9 |  22.5
        D:3 |      62 |      46 |  42.6 |      18 |       8 |  30.8
        D:4 |     410 |       0 |   0.0 |      15 |       0 |   0.0
        D:5 |     655 |     103 |  13.6 |      17 |       1 |   5.6
        D:6 |     507 |      20 |   3.8 |      15 |      11 |  42.3
        D:7 |       1 |       0 |   0.0 |       1 |       0 |   0.0
            +---------+---------+-------+---------+---------+-------
